 Dungeon Crawl Stone Soup version 0.29.1-15-g9cfb28693d (webtiles) character file.

Game seed: 10699069749851717091

15326 croobank the Covert (level 12, -4/82 HPs)
             Began as an Octopode Delver on Feb 23, 2023.
             Was an Initiate of Gozag.
             Slain by an elephant (11 damage)
             ... on level 2 of the Lair of Beasts on Feb 24, 2023.
             The game lasted 01:00:11 (21987 turns).

croobank the Covert (Octopode Delver)              Turns: 21987, Time: 01:00:11

Health: -4/82      AC:  1    Str: 16    XL:     12   Next: 25%
Magic:  5/22       EV: 16    Int: 19    God:    Gozag
Gold:   222        SH:  0    Dex: 14    Spells: 19/24 levels left

rFire   . . .      SeeInvis .   t - +5 quarterstaff (spect)
rCold   . . .      Faith    .   (shield currently unavailable)
rNeg    . . .      Spirit   .   (helmet restricted)
rPois   +          Reflect  .   (no amulet)
rElec   .          Harm     .   z - ring of Yjou {rPois Will+ Str+5 Int-4}
rCorr   +          Rampage  .   F - ring of flight
Will    +....                   G - ring of poison resistance
Stlth   ++++++....              R - ring of resist corrosion
HPRegen 0.23/turn               o - +6 ring of intelligence
MPRegen 0.18/turn               (no ring)
                                (no ring)
                                (no ring)

@: gold aura, flying
A: almost no armour, amphibious, 8 rings, camouflage 1, gelatinous body 1,
(nimble swimmer 1), tentacles
a: Renounce Religion, Potion Petition, Call Merchant, Bribe Branch


You were on level 2 of the Lair of Beasts.
You worshipped Gozag.
Gozag was aware of your devotion.
You visited 2 branches of the dungeon, and saw 13 of its levels.

You collected 2511 gold pieces.
You spent 1498 gold pieces at shops.
You paid 791 gold pieces to Gozag.

Inventory:

Hand Weapons
 a - a +3 war axe
 d - a +2 vorpal flail
 n - a +1 short sword of freezing
 q - a +0 trident
 t - a +5 spectral quarterstaff (weapon)
 v - a +1 halberd of electrocution
 x - the +6 glaive of Moderation {vorpal, SInv}
   (You bought it in a shop on level 5 of the Dungeon)

   It inflicts extra damage upon your enemies.
   SInv:      It lets you see invisible.
 I - the +10 dagger "Jiesaim" {protect, Dex+2}
   (You took it off an orc on level 10 of the Dungeon)

   It grants its wielder temporary protection when it strikes (+7 to AC).
   Dex:       It affects your dexterity (+2).
 L - a +2 dagger of speed
 M - a +4 great sword
 O - a +4 morningstar
Missiles
 h - 8 boomerangs (quivered)
 k - a throwing net
 A - 5 poisoned darts
Armour
 r - a +0 tower shield
 y - a +2 kite shield
 H - an orb of wrath
Jewellery
 o - a +6 ring of intelligence (on tentacle)
 z - the ring of Yjou (left tentacle) {rPois Will+ Str+5 Int-4}
   (You bought it in a shop on level 5 of the Dungeon)

   [ring of poison resistance]

   Str:       It affects your strength (+5).
   Int:       It affects your intelligence (-4).
   rPois:     It protects you from poison.
   Will:      It increases your willpower.
 F - a ring of flight (right tentacle)
 G - a ring of poison resistance (on tentacle)
 R - a ring of resist corrosion (on tentacle)
Wands
 f - a wand of digging (4)
 C - a wand of quicksilver (4)
 E - a wand of paralysis (22)
 J - a wand of flame (23)
 P - a wand of polymorph (6)
 S - a wand of roots (5)
Scrolls
 b - 3 scrolls of fog
 c - 3 scrolls of magic mapping
 g - 3 scrolls of vulnerability
 i - a scroll of poison
 l - a scroll of enchant armour
 m - 2 scrolls of teleportation
 p - 2 scrolls of identify
 s - 2 scrolls of blinking
 N - 2 scrolls of fear
Potions
 e - 2 potions of haste
 j - 2 potions of attraction
 u - a potion of mutation
 w - 5 potions of brilliance
 B - 3 potions of magic
 D - a potion of cancellation
 K - 9 potions of curing
 Q - a potion of heal wounds


   Skills:
 + Level 7.7 Fighting
 - Level 4.1(6.8) Axes
 * Level 8.5(9.0) Polearms
 + Level 7.4 Dodging
 + Level 12.0 Stealth
 * Level 6.7 Spellcasting
 - Level 6.2 Hexes
 * Level 7.4 Summonings


You had 19 spell levels left.
You knew the following spells:

 Your Spells              Type           Power      Damage    Failure   Level
a - Summon Guardian Gole  Hex/Summ       32%        N/A       1%          3
b - Scorch                Fire           12%        2d5       16%         2

Your spell library contained the following spells:

 Spells                   Type           Power      Damage    Failure   Level
 Gell's Gravitas          Tloc           6%         N/A       30%         3
 Lesser Beckoning         Tloc           6%         N/A       30%         3
 Teleport Other           Tloc           6%         N/A       30%         3
 Summon Cactus Giant      Summ           17%        N/A       58%         6
 Dispel Undead            Necr           6%         3d8       71%         4
 Flame Wave               Conj/Fire      6%         2d5       71%         4
 Death Channel            Necr           3%         N/A       100%        6
 Orb of Destruction       Conj           3%         9d5       100%        7
 Spellforged Servitor     Conj/Summ      10%        N/A       100%        7
 Corpse Rot               Necr/Pois/Air  Unusable   N/A       N/A         4

Dungeon Overview and Level Annotations

Branches:
Dungeon (11/15)            Temple (0/1) D:4            Lair (2/5) D:10
    Orc (0/2) D:9
  Swamp: Lair:2-3    Shoals: Lair:2-3     Snake: Lair:2-3    Spider: Lair:2-3

Altars:
Ashenzari
Cheibriados
Gozag
Makhleb
Nemelex Xobeh
Qazlal
Sif Muna
Trog
Uskayaw
Xom

Shops:
D:5 [*[[(   D:8 *   D:10 *

Annotations:
D:11 Nergalle
Lair:2 Fannar


Innate Abilities, Weirdness & Mutations

You cannot wear most types of armour.
You are amphibious.
You can wear up to eight rings at the same time.
Your skin changes colour to match your surroundings (Stealth+).
Your rubbery body absorbs attacks. (AC +1, EV +1)
((You are camouflaged when in or above water. (Stealth+)))
You have tentacles for arms and can constrict up to eight enemies at once.


Message History

t - Shout!
Orders for allies: a - Attack new target. r - Retreat! s - Stop attacking. g - Guard the area. f - Follow me.
Anything else - Cancel.
Gang up on whom?
Press: ? - help, Dir - move target, f - elephant
Aim: an elephant Attack!
Casting: Scorch (safe; 16% risk of failure)
Confirm with . or Enter, or press ? or * to list all spells.
Flames lash the elephant.
The elephant is lightly wounded.
The elephant's fire resistance burns away.
The elephant tramples you!
You are shoved backwards!
Casting: Scorch (safe; 16% risk of failure)
Confirm with . or Enter, or press ? or * to list all spells.
Flames lash the elephant.
The elephant is lightly wounded.
The elephant tramples you!
You are shoved backwards!
Casting: Scorch (safe; 16% risk of failure)
Confirm with . or Enter, or press ? or * to list all spells.
Flames lash the elephant.
The elephant is burned terribly!
The elephant is moderately wounded.
The elephant tramples you!
* * * LOW HITPOINT WARNING * * *
You are shoved backwards!
Casting: Scorch (safe; 16% risk of failure)
Confirm with . or Enter, or press ? or * to list all spells.
Flames lash the elephant but do no damage.
The elephant tramples you!
* * * LOW HITPOINT WARNING * * *
You are shoved backwards!
You barely miss the elephant.
The elephant is moderately wounded.
Your +5 spectral quarterstaff hits the elephant!
An elephant comes into view.
The elephant tramples you!
You die...
Your body crumbles into a pile of gold.

#...# ###....)
##...## ##....
##.....## ###
#..... #.......#
#P## ####.#
#.......####..##
###
#........[.....##
#..............P#
#..............##
##...@Y9.$.....#
##..(....#Y...#
###..#####...#
##.# ##....## ##
### #......# ..
##..§.#.# ..
#P☼§..... ..
##..........
#...#.#....


You could see 2 elephants, a friendly guardian golem (summoned, inner flame) and
a friendly +5 spectral quarterstaff (summoned, wandering).

Vanquished Creatures
  Amaemon (Lair:1)
  An elephant (Lair:2)
  A smoke demon (D:10)
  Maggie (Lair:2)
  Grinder (D:6)
  A troll (D:9)
  3 blink frogs (Lair:1)
  15 yaks
  A shadow (D:9)
  A wraith (D:9)
  A wyvern (Lair:1)
  A vampire (D:6)
  An acid dragon (D:10)
  4 water moccasins
  7 orc warriors
  3 black bears
  2 ice beasts (D:6)
  4 wolves (Lair:1)
  A phantom (D:4)
  A centaur (D:7)
  A necrophage (D:5)
  2 bullfrogs (D:6)
  2 scorpions
  11 wights
  3 jellies
  5 killer bees
  A howler monkey (D:5)
  6 hounds
  7 orc priests
  4 iguanas
  9 orc wizards
  11 gnolls
  8 adders
  A white imp (D:6)
  2 worms
  4 dart slugs
  64 orcs
  8 bats
  8 endoplasms
  2 giant cockroaches
  8 hobgoblins
  2 jackals (D:3)
  7 kobolds
  5 quokkas
  6 ball pythons
  A frilled lizard (D:2)
  6 goblins
  5 rats
250 creatures vanquished.

Vanquished Creatures (collateral kills)
  A yak (D:6)
  3 gnolls (D:4)
  An adder (D:4)
5 creatures vanquished.

Vanquished Creatures (others)
  2 two-headed ogres
  The ghost of AverageBear the Cleaver, a journeyman DsFi of Gozag (D:10)
  A black mamba (Lair:2)
  Joseph (Lair:1)
  A cane toad (Lair:2)
  An orange demon (Lair:1)
  A komodo dragon (Lair:2)
  2 trolls
  A slime creature (D:10)
  10 yaks
  An acid dragon (D:9)
  A water moccasin (Lair:1)
  A bullfrog (D:9)
  2 fungi (Lair:2)
  7 plants
  4 withered plants (D:1)
37 creatures vanquished.

Grand Total: 292 creatures vanquished

Notes
Turn   | Place    | Note
-------+----------+-------------------------------------------
     0 | D:5      | croobank the Octopode Delver began the quest for the Orb.
     0 | D:5      | Reached XP level 1. HP: 16/16 MP: 1/1
     1 | D:6      | Noticed a hound
    63 | D:5      | Found Doeced's Armour Emporium.
    65 | D:5      | Noticed a hound
   239 | D:4      | Found an opulent altar of Gozag.
   240 | D:4      | Found an opulent altar of Gozag.
   243 | D:4      | Found an opulent altar of Gozag.
   245 | D:4      | Found an opulent altar of Gozag.
   275 | D:4      | Became a worshipper of Gozag Ym Sagoz the Greedy
   276 | D:4      | Noticed a phantom
   282 | D:3      | Reached XP level 2. HP: 21/21 MP: 2/2
   504 | D:3      | Reached skill level 7 in Stealth
   504 | D:3      | Reached XP level 3. HP: 19/26 MP: 3/3
   901 | D:3      | Reached XP level 4. HP: 16/31 MP: 4/4
  1568 | D:2      | Reached XP level 5. HP: 23/37 MP: 5/5
  2242 | D:1      | Found a faded altar of an unknown god.
  3665 | D:4      | Killed a phantom
  3666 | D:4      | Reached XP level 6. HP: 9/43 MP: 6/6
  3992 | D:4      | Reached skill level 8 in Stealth
  4303 | D:4      | Found a bloodstained altar of Trog.
  4303 | D:4      | Found a sparkling altar of Nemelex Xobeh.
  4416 | D:4      | Reached XP level 7. HP: 19/49 MP: 7/7
  4785 | D:4      | Found a staircase to the Ecumenical Temple.
  5603 | D:4      | Found a shimmering altar of Xom.
  5685 | D:5      | Found Moryel's Antique Weapon Boutique.
  5686 | D:5      | Found Irhanoe's Antique Armour Shop.
  5688 | D:5      | Bought a translucent glaive for 345 gold pieces
  5688 | D:5      | Identified the +6 glaive of Moderation {vorpal, SInv} (You
                  | bought it in a shop on level 5 of the Dungeon)
  5909 | D:5      | Bought a +2 kite shield for 181 gold pieces
  5932 | D:5      | Reached skill level 1 in Polearms
  6478 | D:5      | Found Hullyc's Assorted Antiques.
  6489 | D:5      | Bought a coiled granite ring for 160 gold pieces
  6489 | D:5      | Identified the ring of Yjou {rPois Will+ Str+5 Int-4} (You
                  | bought it in a shop on level 5 of the Dungeon)
  6533 | D:5      | Found Ilaosul's Antique Armour Boutique.
  6561 | D:5      | Reached skill level 5 in Fighting
  6691 | D:5      | Found a hide-covered altar of Uskayaw.
  7004 | D:6      | Reached skill level 9 in Stealth
  7017 | D:6      | Reached XP level 8. HP: 55/55 MP: 8/8
  7190 | D:6      | Noticed a yak
  7207 | D:6      | Noticed a yak
  7388 | D:6      | Noticed a yak
  7388 | D:6      | Noticed a yak
  7388 | D:6      | Noticed a yak
  7419 | D:6      | Killed a yak
  7451 | D:6      | Reached skill level 5 in Dodging
  7567 | D:6      | Noticed a yak
  7579 | D:6      | Noticed a yak
  7621 | D:5      | Killed a yak
  7638 | D:5      | Killed a yak
  7639 | D:5      | Reached skill level 1 in Spellcasting
  7639 | D:5      | Reached skill level 1 in Hexes
  7639 | D:5      | Reached skill level 1 in Summonings
  7666 | D:5      | Killed a yak
  7674 | D:6      | Killed a yak
  7675 | D:6      | Reached XP level 9. HP: 10/62 MP: 11/11
  8545 | D:5      | Reached skill level 10 in Stealth
  8954 | D:4      | Reached skill level 5 in Polearms
 10706 | D:6      | Reached XP level 10. HP: 64/68 MP: 15/15
 10758 | D:6      | Noticed Grinder
 10765 | D:6      | Killed Grinder
 12203 | D:7      | Found a stormy altar of Qazlal.
 12250 | D:7      | Learned a level 3 spell: Summon Guardian Golem
 13116 | D:8      | Noticed a two-headed ogre
 13140 | D:8      | Killed a two-headed ogre
 13419 | D:8      | Reached skill level 5 in Hexes
 13427 | D:8      | Reached skill level 5 in Summonings
 13606 | D:8      | Found Jac Mant's Sacrilege Store.
 13913 | D:8      | Found a snail-covered altar of Cheibriados.
 14514 | D:9      | Reached skill level 11 in Stealth
 14771 | D:9      | Found a broken altar of Ashenzari.
 14786 | D:9      | Found a staircase to the Orcish Mines.
 15151 | D:5      | Bought a scroll of identify for 64 gold pieces
 15151 | D:5      | Bought a scroll of magic mapping for 240 gold pieces
 15151 | D:5      | Bought a potion of curing for 96 gold pieces
 15151 | D:5      | Bought a glowing dark potion for 28 gold pieces
 15461 | D:9      | Reached XP level 11. HP: 74/74 MP: 18/18
 15511 | D:9      | Reached skill level 5 in Spellcasting
 16753 | D:10     | Entered Level 10 of the Dungeon
 16820 | D:10     | Identified the +10 dagger "Jiesaim" {protect, Dex+2}
 16999 | D:10     | Found Jyrono's General Store.
 17789 | D:10     | Bought a scroll of identify for 32 gold pieces
 17789 | D:10     | Bought a scroll of identify for 32 gold pieces
 17789 | D:10     | Bought a ring of resist corrosion for 320 gold pieces
 17834 | D:10     | Found a staircase to the Lair.
 18031 | D:10     | Found a large runed translucent door.
 18050 | D:10     | Found a large runed translucent door.
 18052 | D:10     | Noticed AverageBear's ghost (journeyman DsFi)
 18129 | D:10     | Found a shimmering blue altar of Sif Muna.
 18143 | D:10     | Noticed a two-headed ogre
 18183 | D:10     | Killed a two-headed ogre
 18650 | D:10     | Killed AverageBear's ghost
 18965 | D:10     | Found a burning altar of Makhleb.
 18992 | D:10     | HP: 1/75 [smoke demon/ball of steam (24)]
 19779 | D:11     | Noticed Nergalle
 19803 | Lair:1   | Entered Level 1 of the Lair of Beasts
 19867 | Lair:1   | Noticed Joseph
 19884 | Lair:1   | Killed Joseph
 20151 | Lair:1   | Noticed Amaemon
 20172 | Lair:1   | Killed Amaemon
 21066 | Lair:1   | Reached XP level 12. HP: 59/81 MP: 21/21
 21495 | Lair:2   | Noticed Fannar
 21541 | Lair:2   | Noticed Maggie
 21549 | Lair:2   | Killed Maggie
 21715 | Lair:2   | Reached skill level 12 in Stealth
 21956 | Lair:2   | Learned a level 2 spell: Scorch
 21987 | Lair:2   | Slain by an elephant

Illustrated notes

Levels and vault maps discovered:
D:1:      doesnt_arrival_eight_statues, layout_basic,
          shapermc_ecumenical_altar_flowoftime
D:2:      layout_basic
D:3:      layout_basic, minmay_strange_pillars, minmay_misc_feat_hallway
D:4:      layout_rooms, nicolae_gozag_conspicuous_consumption, tgw_xom,
          mainiacjoe_overflow_divided_tiny, minmay_temple_entry_trees,
          minmay_misc_feat_tower, solitary_fountain, grunt_ministairs_9
D:5:      lemuel_ice_spiral_2, layout_basic, nicolae_uskayaw_suspiria,
          serial_shops, shop, shop_fountains, nicolae_diamond_shop, shop,
          nicolae_shop_overgrown_old_shop
D:6:      layout_layer_cave, minmay_three_doors, uniq_grinder
D:7:      layout_basic, nicolae_qazlal_style_of_elements, grunt_decor_cap
D:8:      layout_cave_pools, mainiacjoe_overflow_paths, nicolae_evil_shop
D:9:      layout_roguey, kennysheep_mini_moat, hiddenorc2_lemuel
D:10:     layout_roguey, demons_altar, lemuel_crystal_altar, lair_entry_dummy,
          serial_shops, shop, ebering_ghost_disaster_area, wad_floor_pattern_2,
          minmay_microvault
D:11:     layout_gridville, special_room [special_room_kobold], uniq_nergalle
Lair:1:   layout_cave_pods, uniq_joseph, uniq_amaemon
Lair:2:   layout_gridlike, grunt_megastairs_4, uniq_fannar, uniq_maggie

Skill      XL: |  1  2  3  4  5  6  7  8  9 10 11 12 |
---------------+-------------------------------------+-----
Stealth        | 7 8 9 10 11 12 | 12.0
Axes           | 3 4 |  4.1
Dodging        | 3 4 5 6 7 |  7.4
Fighting       | 4 5 6 7 |  7.7
Polearms       | 2 4 5 6 8 |  8.5
Spellcasting   | 1 3 4 6 |  6.7
Hexes          | 2 3 5 6 |  6.2
Summonings     | 2 3 5 6 7 |  7.4

Action                   |  1- 3 |  4- 6 |  7- 9 | 10-12 || total
-------------------------+-------+-------+-------+-------++-------
Melee: Hand axe          |    33 |     9 |       |       ||    42
       Constrict         |     9 |    43 |    19 |    63 ||   134
       Tentacles         |     7 |    29 |    26 |    64 ||   126
       Punch             |     1 |     4 |     4 |     1 ||    10
       Flail             |       |   102 |       |       ||   102
       Trident           |       |    18 |       |       ||    18
       Quarterstaff      |       |    19 |    40 |   214 ||   273
       Glaive            |       |       |    99 |       ||    99
Throw: Boomerang         |     4 |    18 |    23 |       ||    45
 Cast: Summon Guardian G |       |       |       |    42 ||    42
       Scorch            |       |       |       |     7 ||     7
Invok: Potion Petition   |       |       |       |     2 ||     2
Evoke: Wand              |     2 |       |       |     1 ||     3
  Use: Scroll            |     2 |     7 |     3 |    16 ||    28
       Potion            |       |     1 |     4 |     4 ||     9
 Stab: Sleeping          |     7 |    13 |     8 |    12 ||    40
       Distracted        |     1 |     2 |     3 |     2 ||     8
       Invisible         |       |       |       |     1 ||     1
Armor: Skin              |     1 |     6 |    42 |    23 ||    72
Dodge: Dodged            |    19 |    78 |    95 |   102 ||   294
